 Dungeon Crawl Stone Soup version 0.28-a0-664-gc179e30c89 (webtiles) character file.

Game seed: 16968124529682786813

101 jasper the Charlatan (level 4, -7/51 HPs)
             Began as a Demonspawn Artificer on Oct 16, 2021.
             Killed from afar by an orc wizard (10 damage)
             ... with a puff of flame
             ... on level 4 of the Dungeon.
             The game lasted 00:07:50 (3819 turns).

jasper the Charlatan (Demonspawn Artificer)         Turns: 3819, Time: 00:07:51

Health: -7/51      AC: 22    Str: 13    XL:     4   Next: 48%
Magic:  4/4        EV:  2    Int: 12    God:
Gold:   138        SH:  0    Dex: 14    Spells: 3/3 levels left

rFire   . . .      SeeInvis .   r - +0 hand axe
rCold   . . .      Faith    .   (no shield)
rNeg    . . .      Spirit   .   (armour currently unavailable)
rPois   +          Reflect  .   (helmet currently unavailable)
rElec   .          Harm     .   (cloak currently unavailable)
rCorr   .          Rampage  .   (gloves currently unavailable)
Will    .....      NoTele   +   (boots currently unavailable)
Stlth   ++........              (no amulet)
HPRegen 0.17/turn               (no ring)
MPRegen 0.09/turn               (no ring)

@: tree-form
A: stationary, stasis, torment immunity, boosted hp, (demonic touch 1)
a: no special abilities


You were on level 4 of the Dungeon.
You were a tree.
You visited 1 branch of the dungeon, and saw 4 of its levels.

You collected 138 gold pieces.

Inventory:

Hand Weapons
 a - a +0 club
 f - a +0 short sword
 h - a +0 hunting sling
 n - a +0 mace
 r - a +0 hand axe (weapon)
Missiles
 k - 98 stones (quivered)
 m - 30 poisoned darts
 q - 9 sling bullets
Armour
 b - a +0 leather armour
 g - a +1 ring mail (melded)
Wands
 d - a wand of charming (15)
Scrolls
 c - a scroll of magic mapping {unknown}
 i - 2 scrolls of amnesia
 j - 2 scrolls of teleportation
Miscellaneous
 e - a piece from Xom's chessboard (10/15)


   Skills:
 + Level 2.5 Fighting
 + Level 2.8 Armour
 + Level 2.3 Dodging
 - Level 0.8 Stealth
 - Level 3.0 Evocations


You had 3 spell levels left.
You didn't know any spells.
Your spell library contained the following spells:

 Spells                   Type           Power      Damage    Failure   Level
 Ozocubu's Armour         Ice            0%         N/A       69%         3
 Leda's Liquefaction      Hex/Erth       0%         N/A       97%         4
 Lee's Rapid Deconstruct  Erth           0%         3d5*      100%        5
 Metabolic Englaciation   Hex/Ice        0%         N/A       100%        5
 Simulacrum               Ice/Necr       0%         N/A       100%        6
 Statue Form              Tmut/Erth      0%         N/A       100%        6


Dungeon Overview and Level Annotations

Branches:
Dungeon (4/15)
 Temple: D:4-7

Altars:

Annotations:
D:4 Crazy Yiuf


Innate Abilities, Weirdness & Mutations

You are a tree.
Your roots penetrate the ground, keeping you stationary.
You cannot be teleported.
You are immune to unholy pain and torment.
Your maximum health is greatly increased.
Your equipment is partially melded.
((Your touch may inflict minor irresistible damage on your foes.))


Message History

You are frozen.
* * * LOW HITPOINT WARNING * * *
You regained 4 hp, and now have 14/51 hp.
You barely miss something. You hit the orc. You hit the endoplasm.
Something hits you but does no damage. The orc hits you with a +0 war axe.
* * * LOW HITPOINT WARNING * * *
The hobgoblin throws a stone.
The endoplasm hits you but does no damage.
Something hits you but does no damage.
You take 2 damage, and have 12/51 hp.
Aiming: Charm
Press: ? - help, Shift-Dir - straight line, f - orc
Aim: an orc, wielding a +0 war axe and wearing a +0 chain mail (moderately wounded, chance to affect: 71%)
The orc struggles to resist.
The orc hits you with a +0 war axe.
* * * LOW HITPOINT WARNING * * *
The hobgoblin throws a stone.
The stone hits you.
* * * LOW HITPOINT WARNING * * *
The endoplasm hits you but does no damage.
Something hits you.
* * * LOW HITPOINT WARNING * * *
You take 5 damage, and have 7/51 hp.
Aiming: Charm
Press: ? - help, Shift-Dir - straight line, f/p - orc
Aim: an orc, wielding a +0 war axe and wearing a +0 chain mail (moderately wounded, chance to affect: 71%)
The orc struggles to resist.
The orc hits you but does no damage. The endoplasm freezes you.
You are frozen.
* * * LOW HITPOINT WARNING * * *
Something hits you but does no damage.
You take 4 damage, and have 3/51 hp.
Aiming: Charm
Press: ? - help, Shift-Dir - straight line, f/p - orc
Aim: an orc, wielding a +0 war axe and wearing a +0 chain mail (moderately wounded, chance to affect: 71%)
The orc is charmed.
The hobgoblin throws a stone.
The stone hits you but does no damage.
The endoplasm hits you but does no damage.
You hear some strange, mumbled words.
A puff of flame appears from out of thin air!
The puff of flame hits you!
You die...

......... #### #........
#.. ##........ ##.#
#......... ..###
#..######.......
#.....#.J..##.......#
#.......<....(#...#
#.)......(.....J♣.(# .
#..............o{#.# ...
#.....g.........g..###..#
##.............##..#....#
#..(.##.(..)#.##....#...
#..o## ##......#.?.....##
..###.. .o..
..#.............. .......
...............## .....#
...###......##.###.....#


You could see an endoplasm, a hobgoblin and a friendly orc (charmed).

Vanquished Creatures
  Terence (D:2)
  An adder (D:2)
  A worm (D:2)
  A dart slug (D:1)
  An orc (D:3)
  6 bats
  9 endoplasms
  A giant cockroach (D:1)
  8 goblins
  4 hobgoblins
  4 kobolds
  3 quokkas
  4 ball pythons
  5 frilled lizards
  2 rats
51 creatures vanquished.

Vanquished Creatures (collateral kills)
  An orc (D:4)
  2 endoplasms (D:4)
  A rat (D:3)
4 creatures vanquished.

Vanquished Creatures (others)
  A scorpion (D:4)
1 creature vanquished.

Grand Total: 56 creatures vanquished

Notes
Turn   | Place    | Note
-------+----------+-------------------------------------------
     0 | D:1      | jasper the Demonspawn Artificer began the quest for the
                  | Orb.
     0 | D:1      | Reached XP level 1. HP: 15/15 MP: 1/1
    19 | D:1      | Reached skill level 1 in Dodging
   362 | D:1      | Gained mutation: Your touch may inflict minor irresistible
                  | damage on your foes. [demonic ancestry]
   362 | D:1      | Reached XP level 2. HP: 21/21 MP: 2/2
   949 | D:1      | Reached XP level 3. HP: 27/27 MP: 3/3
  1880 | D:2      | Found a runed translucent door.
  1881 | D:2      | Noticed Crazy Yiuf
  2611 | D:2      | Noticed Terence
  2666 | D:2      | Killed Terence
  2667 | D:2      | Reached XP level 4. HP: 10/34 MP: 4/4
  3775 | D:3      | You fall into a shaft and drop 1 floor!
  3775 | D:4      | Noticed a scorpion
  3819 | D:4      | Killed from afar by an orc wizard

Illustrated notes

Levels and vault maps discovered:
D:1:      dpeg_arrival_oval, layout_rooms, wander_ebering_terrifying_dragon_lair
D:2:      layout_basic, minmay_tetromino_s4, uniq_crazy_yiuf_cottage,
          uniq_terence
D:3:      layout_rooms
D:4:      layout_rooms, temple_hall

Skill      XL: |  1  2  3 |
---------------+----------+-----
Dodging        | 1 2 |  2.3
Armour         | 2 |  2.8
Fighting       | 2 |  2.5
Stealth        | |  0.8
Evocations     | |  3.0

Action                   |  1- 3 |  4- 6 || total
-------------------------+-------+-------++-------
Melee: Club              |    44 |       ||    44
       Touch             |     5 |     3 ||     8
       Mace              |     2 |       ||     2
       Hand axe          |       |    10 ||    10
 Fire: Hunting sling     |   115 |     9 ||   124
Evoke: Wand              |    15 |    14 ||    29
       Piece from Xom's  |     4 |     3 ||     7
  Use: Scroll            |     4 |     1 ||     5
       Potion            |     1 |     3 ||     4
Armor: Ring mail         |    38 |    17 ||    55
       Leather armour    |     1 |       ||     1
       Skin              |       |    23 ||    23
Dodge: Dodged            |    55 |    29 ||    84

Table legend: (Time is in decaauts)
 A = Elapsed time spent in this place.
 B = Non-inter-level travel time spent in this place.
 C = Inter-level travel time spent in this place.
 D = Time resting spent in this place.
 E = Time spent auto-exploring this place.
 F = Levels seen in this place.
 G = Mean time per level.
                   A        B        C        D        E       F      G
               +--------+--------+--------+--------+--------+-----+--------+
         Total |   3864 |   3614 |    250 |   1135 |   1853 |   4 |  966.0 |
       Dungeon |   3864 |   3614 |    250 |   1135 |   1853 |   4 |  966.0 |
               +--------+--------+--------+--------+--------+-----+--------+

Top non-repeatable levels by time:
     D:2: 2185 daAuts
     D:1: 1462 daAuts
     D:3: 153 daAuts
     D:4: 63 daAuts
